 Dungeon Crawl Stone Soup version 0.20.2-3-g29329e0561 (webtiles) character file.

870 Alfie the Skirmisher (level 8, -4/73 HPs)
             Began as a Hill Orc Fighter on Mar 26, 2022.
             Slain by an orc warrior
             ... wielding a +0 morningstar
              (10 damage)
             ... on level 6 of the Dungeon.
             The game lasted 00:11:11 (4264 turns).

Alfie the Skirmisher (Hill Orc Fighter)             Turns: 4264, Time: 00:11:12

Health: -4/73      AC:  9    Str: 21    XL:     8   Next: 3%
Magic:  11/11      EV:  9    Int: 13    God:
Gold:   181        SH: 10    Dex: 10    Spells: 11/11 levels left

rFire    . . .     SeeInvis .   a - +2 rapier
rCold    . . .     Gourm    .   c - +0 shield
rNeg     . . .     Faith    .   b - +1 scale mail
rPois    .         Spirit   .   (no helmet)
rElec    .         Reflect  .   (no cloak)
rCorr    .         Harm     .   (no gloves)
MR       .....                  j - +0 pair of boots
Stlth    +.........             (no amulet)
Regen    0.3/turn               (no ring)
MPRegen  0.2/turn               (no ring)

@: brilliant, hasted, very quick
A: no striking features
a: no special abilities


You were on level 6 of the Dungeon.
You were not hungry.

You visited 1 branch of the dungeon, and saw 6 of its levels.

You collected 181 gold pieces.

Inventory:

Hand Weapons
 a - a +2 rapier (weapon)
Missiles
 g - 8 tomahawks (quivered)
 v - 2 tomahawks of returning
Armour
 b - a +1 scale mail (worn)
 c - a +0 shield (worn)
 j - a +0 pair of boots (worn)
Wands
 l - a wand of lightning (9/15)
Scrolls
 h - 6 scrolls of enchant weapon
 k - 2 scrolls of identify
 o - a scroll of teleportation {unknown}
 r - a scroll of recharging {unknown}
 s - 4 scrolls of enchant armour
 t - a scroll of immolation {unknown}
Potions
 d - a potion of might
 e - 2 potions of curing {unknown}
 m - 2 potions of haste
 n - a potion of lignification {unknown}
 p - a potion of ambrosia {unknown}
 q - a potion of brilliance
 u - a potion of degeneration {unknown}
 w - a potion of mutation {unknown}
Comestibles
 f - 4 bread rations
 i - 2 meat rations


   Skills:
 + Level 7.3 Fighting
 + Level 5.5 Short Blades
 + Level 2.7 Throwing
 + Level 5.6 Armour
 + Level 2.8 Dodging
 + Level 2.6 Stealth
 + Level 6.2 Shields
 + Level 3.3 Unarmed Combat
 + Level 2.2 Spellcasting


You had 11 spell levels left.
You didn't know any spells.

Dungeon Overview and Level Annotations

Branches:
Dungeon (6/15)
 Temple: D:4-7

Altars:
Dithmenos
Hepliaklqana
Kikubaaqudgha
Qazlal
Uskayaw


Message History

You closely miss the orc warrior.
The orc warrior is severely wounded.
You block the orc warrior's attack. The scorpion stings you.
* * * LOW HITPOINT WARNING * * *
The orc hits you but does no damage.
You closely miss the orc warrior.
The orc warrior is severely wounded.
The orc warrior closely misses you. The scorpion stings you.
* * * LOW HITPOINT WARNING * * *
The orc hits you with a dagger.
* * * LOW HITPOINT WARNING * * *
It was a potion of brilliance.
You feel clever all of a sudden.
The orc warrior hits you with a morningstar.
* * * LOW HITPOINT WARNING * * *
The scorpion barely misses you. You block the orc's attack.
It was a potion of haste.
You feel yourself speed up. The scorpion completely misses you.
You block the orc's attack.
The orc warrior hits you with a morningstar!
You die...

#...# # #...# .. #...# . #
#.# #...# ####... #
####.#######...#####.......
# #......................#
#
#.##...............!.....#
#
#.#(..#......s........#..#
# #.#.#.#.####@o.#####..#
.# # #.#.#.#.# #o..# ....
#####.......# #..#...#
#.#.. ..........###
#....#.# ..%.. #####.#.###
#....#.# ###.# # #.#.#
....## # # ....# ..### #
##.### #.. . #.#


You could see an orc warrior, a scorpion and an orc.

Vanquished Creatures
  An ice beast (D:5)
  An ogre (D:4)
  A bullfrog (D:6)
  2 scorpions
  A howler monkey (D:6)
  2 crimson imps (D:5)
  5 orc wizards (D:5)
  An iguana (D:3)
  A worker ant (D:4)
  A worker ant zombie (D:6)
  2 gnolls (D:1)
  8 adders
  An ooze (D:1)
  2 worms
  2 dart slugs
  3 leopard geckos
  4 orcs (D:5)
  A ball python (D:1)
  5 giant cockroaches
  10 hobgoblins
  8 jackals
  3 quokkas
  4 bats
  4 frilled lizards
  8 goblins
  6 kobolds
  6 rats
93 creatures vanquished.

Notes
Turn   | Place    | Note
-------+----------+-------------------------------------------
     0 | D:1      | Alfie the Hill Orc Fighter began the quest for the Orb.
     0 | D:1      | Reached XP level 1. HP: 19/19 MP: 1/1
    55 | D:1      | Reached skill level 4 in Fighting
    55 | D:1      | Reached XP level 2. HP: 17/27 MP: 2/2
   131 | D:1      | Reached XP level 3. HP: 16/33 MP: 3/3
   351 | D:1      | Reached skill level 6 in Fighting
   351 | D:1      | Reached skill level 5 in Armour
   351 | D:1      | Reached skill level 5 in Shields
   351 | D:1      | Reached XP level 4. HP: 45/45 MP: 3/7
   656 | D:2      | Reached skill level 7 in Fighting
   665 | D:2      | Reached XP level 5. HP: 51/52 MP: 8/8
  1432 | D:3      | Found a faded altar of an unknown god.
  1562 | D:3      | Found an ancient bone altar of Kikubaaqudgha.
  2055 | D:4      | Reached XP level 6. HP: 60/60 MP: 9/9
  2833 | D:4      | Found a shadowy altar of Dithmenos.
  2835 | D:4      | Found a hazy altar of Hepliaklqana.
  3063 | D:5      | Entered Level 5 of the Dungeon
  3160 | D:5      | Found a stormy altar of Qazlal.
  3289 | D:5      | Reached skill level 5 in Short Blades
  3303 | D:5      | Found a hide-covered altar of Uskayaw.
  3345 | D:5      | Reached XP level 7. HP: 60/66 MP: 10/10
  4226 | D:6      | Reached XP level 8. HP: 70/73 MP: 11/11
  4264 | D:6      | Slain by an orc warrior

Skill      XL: |  1  2  3  4  5  6  7 |
---------------+----------------------+-----
Fighting       | 4 6 7 |  7.3
Short Blades   | 4 5 |  5.5
Throwing       | 2 |  2.7
Armour         | 5 |  5.6
Dodging        | 2 |  2.8
Stealth        | 2 |  2.6
Shields        | 5 6 |  6.2
Unarmed Combat | 3 |  3.3
Spellcasting   | 2 |  2.2

Action                   |  1- 3 |  4- 6 |  7- 9 || total
-------------------------+-------+-------+-------++-------
Melee: Rapier            |    74 |   193 |   109 ||   376
Throw: Tomahawk          |       |       |     7 ||     7
  Use: Scroll            |     3 |     4 |       ||     7
       Potion            |     1 |       |     2 ||     3
  Eat: Fruit             |       |     3 |       ||     3
       Meat ration       |       |     1 |       ||     1
       Bread ration      |       |       |     1 ||     1
Armor: Scale mail        |    43 |    54 |    37 ||   134
Dodge: Dodged            |    18 |    63 |    42 ||   123
Block: Shield            |    49 |    89 |    65 ||   203
